 Bloatcrawl 2 version 0.50.1-497-g763ebf1 (webtiles) character file.

Game seed: 1596292467854383187, levelgen mode: deterministic

74 Dorkslayer the Shield-Bearer (level 4, -1/35 HPs)
             Began as a Robot Fighter on Dec 1, 2020.
             Slain by a jackal (2 damage)
             ... on level 1 of the Dungeon.
             The game lasted 00:04:27 (973 turns).

Dorkslayer the Shield-Bearer (Robot Fighter)         Turns: 973, Time: 00:04:27

Health: -1/35      AC:  9    Str: 18    XL:     4   Next: 10%
Magic:  3/3        EV:  6    Int: 12    God:
Gold:   7          SH:  9    Dex:  8    Spells: 3/3 levels left Game modifiers: x1.5 XP

rFire   + + .      SeeInvis .    a - +0 long sword
rCold   x . .      Gourm    .    c - +0 kite shield
rNeg    + + +      Faith    .    e - +0 fire dragon scales
rPois   ∞          Spirit   .    (no helmet)
rElec   .          Reflect  .    (no cloak)
rCorr   .          Harm     .    (no gloves)
MR      .....                    (no boots)
Stlth   ..........               (no amulet)
HPRegen 0.11/turn                (no ring)
MPRegen 0.08/turn                (no ring)

@: no status effects
A: fragile items, foodless, slowed by fire and elec, negative energy resistance
3, torment resistance, unbreathing, rot immunity
a: no special abilities


You were on level 1 of the Dungeon.
You were not hungry.

You visited 1 branch of the dungeon, and saw 2 of its levels.

You collected 7 gold pieces.

Inventory:

Hand Weapons
 a - a +0 long sword (weapon)
Armour
 c - a +0 kite shield (worn)
 e - +0 fire dragon scales (worn)
Scrolls
 f - a scroll of magic mapping {unknown}
 g - a scroll of fog {unknown}
 h - 2 scrolls of remove curse {unknown}
Potions
 b - a potion of curing {unknown}
 d - a potion of might


   Skills:
 + Level 3.2 Fighting
 + Level 2.1 Long Blades
 + Level 3.4 Armour
 + Level 0.1 Dodging
 + Level 4.0 Shields


You had 3 spell levels left.
You didn't know any spells.
Your spell library was empty.

Dungeon Overview and Level Annotations

Branches:
Dungeon (2/15)

Altars:


Innate Abilities, Weirdness & Mutations

You break items when uninstalling them.
You do not eat.
You are sometimes slowed by electricity and fire.
You are immune to poison.
You are immune to negative energy. (rN+++)
You are immune to unholy pain and torment.
You can survive without breathing.
You are immune to rotting.


Message History

The adder closely misses you. You block the adder's attack.
You slash the adder!
You kill the adder!
Your Shields skill increases to level 4!
You have reached level 4!
You feel clever. You block the jackal's attack.
You barely miss the jackal.
The jackal is severely wounded.
The jackal bites you but does no damage.
You block the jackal's attack.
You barely miss the jackal.
The jackal is severely wounded.
The jackal bites you but does no damage.
The jackal bites you.
* * * LOW HITPOINT WARNING * * *
You closely miss the jackal.
The jackal is severely wounded.
The jackal bites you.
You die...

..#.....#.#####...###############
###.#####.#####.#...............#
................#..############.#
###.#####.#######..........#.##.#
....# #.# #####...######.#....#
#########.# #...#.†.#......#.####
..........# #...#..>#......#.#
#############...#h#.######.#.#
................@.#.†........#
......####......###.######.###
......####......# #.# #.#
.......)........# #.# #.#
......###.......# #.# #.# ......#
#.......# #.# #.# ......#
#.......# #.# #.# ......#
#.......# #.# #.# ......#
#....##.###.######.#


You could see a jackal.

Vanquished Creatures
  An adder (D:1)
  An ooze (D:1)
  3 dart slugs (D:1)
  A giant cockroach (D:1)
  3 goblins (D:1)
  3 hobgoblins (D:1)
  5 jackals (D:1)
  5 kobolds (D:1)
  A ball python (D:1)
  2 bats (D:1)
  4 rats (D:1)
29 creatures vanquished.

Notes
Turn   | Place    | Note
-------+----------+-------------------------------------------
     0 | D:1      | Dorkslayer the Robot Fighter began the quest for the Orb.
     0 | D:1      | Reached XP level 1. HP: 18/18 MP: 0/0
    56 | D:1      | Reached XP level 2. HP: 16/24 MP: 1/1
   456 | D:1      | Reached XP level 3. HP: 29/29 MP: 2/2
   968 | D:1      | HP: 1/29 [adder (2)]
   970 | D:1      | Reached skill level 4 in Shields
   970 | D:1      | Reached XP level 4. HP: 2/35 MP: 3/3
   973 | D:1      | Slain by a jackal

Levels and vault maps discovered:
D:1:      psy_arrival_basics, layout_basic
D:2:      layout_basic

Skill      XL: |  1  2  3 |
---------------+----------+-----
Shields        | 4 |  4.0
Fighting       | |  3.2
Long Blades    | |  2.1
Armour         | |  3.4
Dodging        | |  0.1

Action                   |  1- 3 |  4- 6 || total
-------------------------+-------+-------++-------
Melee: Long sword        |   112 |     3 ||   115
Armor: Fire dragon scale |    94 |     2 ||    96
Dodge: Dodged            |    32 |       ||    32
Block: Kite shield       |    67 |     2 ||    69
       Rpst.: Long sword |    12 |       ||    12
